 Dungeon Crawl Stone Soup version 0.22-a0-322-g60b3cfd (webtiles) character file.

4699 b5mith the Skirmisher (level 10, -5/80 HPs)
             Began as a Human Berserker on Apr 2, 2018.
             Was an Elder of Trog.
             Slain by a warg (9 damage)
             ... on level 8 of the Dungeon.
             The game lasted 00:19:30 (8106 turns).

b5mith the Skirmisher (Human Berserker)             Turns: 8106, Time: 00:19:31

Health: -5/80      AC: 12    Str: 20    XL:     10   Next: 72%
Magic:  10/10      EV: 17    Int:  8    God:    Trog [****..]
Gold:   97         SH:  5    Dex: 21    Spells: 9/9 levels left

rFire    . . .     SeeInvis .   a - +2 mace (protect)
rCold    . . .     Gourm    .   (no shield)
rNeg     . . .     Faith    .   x - +0 ring mail
rPois    .         Spirit   .   (no helmet)
rElec    .         Reflect  +   C - +1 cloak "Cetz" {rCorr Dex+8}
rCorr    +         Harm     .   o - +2 pair of gloves
MR       .....                  (no boots)
Stlth    +.........             G - +5 amulet of reflection
HPRegen  0.23/turn              (no ring)
MPRegen  0.12/turn              (no ring)

@: lethally poisoned (-5 -> -5), about to teleport, berserk cooldown
A: no striking features
a: Berserk, Trog's Hand, Brothers in Arms, Renounce Religion


You were on level 8 of the Dungeon.
You worshipped Trog.
Trog was greatly pleased with you.
You were near starving.

You visited 1 branch of the dungeon, and saw 8 of its levels.

You collected 499 gold pieces.
You spent 402 gold pieces at shops.

Inventory:

Hand Weapons
 a - a +2 mace of protection (weapon)
 b - a +0 hunting sling
 i - a +0 mace
 y - a +3 hand axe
Missiles
 h - 175 arrows
 k - 278 stones
 m - 64 sling bullets (quivered)
 u - 12 tomahawks
Armour
 e - a +0 animal skin
 o - a +2 pair of gloves (worn)
 x - a +0 ring mail (worn)
 C - the +1 cloak "Cetz" (worn) {rCorr Dex+8}
   (You found it on level 5 of the Dungeon)

   It affects your dexterity (+8).
   It protects you from acid and corrosion.
 K - a +0 plate armour
Jewellery
 G - a +5 amulet of reflection (around neck)
 J - an uncursed ring of wizardry
Scrolls
 f - 2 scrolls of teleportation
 g - a scroll of identify {@r1}
 l - 2 scrolls of magic mapping {unknown}
 q - 5 scrolls of remove curse {@r2}
 t - a scroll of blinking {unknown}
 w - 2 scrolls of fear {unknown}
 z - 2 scrolls of fog {unknown}
 A - a scroll of enchant weapon {unknown}
 H - a scroll of enchant armour {unknown}
Potions
 d - 3 potions of resistance
 j - 2 potions of lignification
 n - a potion of mutation {unknown}
 p - a potion of brilliance {unknown}
 r - 2 potions of ambrosia
 s - 3 potions of curing {@q1}
 v - a potion of berserk rage {unknown}
 B - a potion of flight {unknown}
 D - a potion of agility {unknown}
 E - 2 potions of cancellation {unknown}
 F - 4 potions of heal wounds
Comestibles
 c - 21 rations


   Skills:
 + Level 7.9 Fighting
 - Level 4.5(6.4) Axes
 + Level 7.2(7.8) Maces & Flails
 + Level 7.6 Armour
 + Level 7.6 Dodging


You had 9 spell levels left.
You didn't know any spells.

Dungeon Overview and Level Annotations

Branches:
Dungeon (8/15)             Temple (0/1) D:6            Lair (0/6) D:8

Altars:
Okawaru
Vehumet
Xom

Shops:
D:5 !   D:6 !


Message History

The jackal barks!
You hear a shout!
The orc priest mumbles some strange prayers to Beogh against you.
Beogh smites you!
* * * LOW HITPOINT WARNING * * *
The warg barely misses you.
You feel sick. The warg closely misses you.
The warg bites you but does no damage. You block the adder's attack.
You block the warg's attack.
You feel sick. The warg bites you.
* * * LOW HITPOINT WARNING * * *
The warg bites you!
* * * LOW HITPOINT WARNING * * *
The warg bites you.
* * * LOW HITPOINT WARNING * * *
The warg misses you.
As you read the scroll of teleportation, it crumbles to dust.
You feel strangely unstable.
You feel yourself speed up.
You feel sick. The warg misses you. The warg bites you!
You die... ######## #.hSoho##

#@###o..##
#.##.....#
#.#..h....#
#.#h....P.#
#.......P..#
#......)...#
.......>.....
.....o.......#
........o...#


You could see 2 wargs, an orc warrior, an adder and an orc.

Vanquished Creatures
  A two-headed ogre (D:8)
  Pikel (D:4)
  Joseph (D:8)
  Psyche (D:8)
  The ghost of Think the Thaumaturge, an amateur GnWn of Ashenzari (D:4)
  Grinder (D:4)
  The ghost of NervFog the Gusty, an amateur TeAE (D:3)
  2 orc warriors
  A sky beast (D:5)
  A phantom (D:4)
  A black bear (D:7)
  2 centaurs
  6 ogres
  3 bullfrogs
  2 water moccasin skeletons
  A scorpion (D:4)
  4 killer bees
  2 howler monkeys
  2 crimson imps
  2 bullfrog zombies
  A bullfrog skeleton (D:4)
  2 hounds (D:7)
  3 orc priests
  3 orc wizards
  A centaur skeleton (D:5)
  2 iguanas
  2 worker ants (D:8)
  A killer bee zombie (D:6)
  A worker ant zombie (D:8)
  10 adders
  3 shadow imps
  4 oozes
  2 dart slugs
  3 leopard geckos
  24 orcs
  4 bats
  7 giant cockroaches
  10 goblins
  8 hobgoblins
  3 quokkas
  A ball python (D:2)
  A ball python skeleton (D:5)
  3 frilled lizards
  6 kobolds
  A leopard gecko skeleton (D:4)
  9 rats
151 creatures vanquished.

Vanquished Creatures (others)
  5 dream sheep (D:5)
  A frilled lizard (D:4)
6 creatures vanquished.

Grand Total: 157 creatures vanquished

Notes
Turn   | Place    | Note
-------+----------+-------------------------------------------
     0 | D:1      | b5mith the Human Berserker began the quest for the Orb.
     0 | D:1      | Reached XP level 1. HP: 18/18 MP: 1/1
   445 | D:1      | Reached XP level 2. HP: 11/24 MP: 2/2
  1077 | D:1      | Reached XP level 3. HP: 29/29 MP: 3/3
  1950 | D:2      | Reached XP level 4. HP: 18/35 MP: 4/4
  2205 | D:2      | Noticed an ogre
  2216 | D:2      | Killed an ogre
  2216 | D:2      | Reached XP level 5. HP: 42/42 MP: 5/5
  2359 | D:2      | Reached ** piety under Trog
  2813 | D:3      | Reached skill level 1 in Axes
  2827 | D:3      | Noticed NervFog's ghost (amateur TeAE)
  2931 | D:3      | Killed NervFog's ghost
  2931 | D:3      | Reached XP level 6. HP: 21/48 MP: 6/6
  3728 | D:4      | Noticed Think's ghost (amateur GnWn)
  3738 | D:4      | Killed Think's ghost
  3738 | D:4      | Reached XP level 7. HP: 55/55 MP: 7/7
  4159 | D:4      | Reached XP level 8. HP: 35/61 MP: 8/8
  4234 | D:4      | Reached skill level 5 in Fighting
  4348 | D:4      | Noticed Pikel
  4370 | D:4      | Killed Pikel
  4370 | D:4      | Reached skill level 5 in Armour
  4370 | D:4      | Reached skill level 5 in Dodging
  4441 | D:4      | Noticed Grinder
  4463 | D:4      | Killed Grinder
  4463 | D:4      | Reached XP level 9. HP: 69/69 MP: 9/9
  4635 | D:4      | Reached *** piety under Trog
  4635 | D:4      | Reached skill level 5 in Maces & Flails
  4764 | D:4      | Found a radiant altar of Vehumet.
  4765 | D:4      | Found an iron altar of Okawaru.
  5041 | D:5      | Entered Level 5 of the Dungeon
  5070 | D:5      | Got a spiked cloak
  5071 | D:5      | Identified the +1 cloak "Cetz" {rCorr Dex+8} (You found it on level 5 of the Dungeon)
  5168 | D:5      | Found a shimmering altar of Xom.
  5432 | D:5      | Found Ucoxon's Distillery.
  5435 | D:5      | Bought a potion of ambrosia for 104 gold pieces
  5435 | D:5      | Bought a potion of curing for 39 gold pieces
  5435 | D:5      | Bought a potion of curing for 39 gold pieces
  5944 | D:6      | Found a staircase to the Ecumenical Temple.
  6189 | D:6      | Found Coffez's Distillery.
  6192 | D:6      | Bought a potion of heal wounds for 55 gold pieces
  6192 | D:6      | Bought a potion of heal wounds for 55 gold pieces
  6192 | D:6      | Bought a potion of heal wounds for 55 gold pieces
  6192 | D:6      | Bought a potion of heal wounds for 55 gold pieces
  7031 | D:7      | Reached XP level 10. HP: 75/77 MP: 10/10
  7642 | D:8      | Noticed a two-headed ogre
  7660 | D:8      | Killed a two-headed ogre
  7882 | D:8      | Reached **** piety under Trog
  8053 | D:8      | Noticed Joseph
  8068 | D:8      | Noticed Psyche
  8084 | D:8      | Killed Joseph
  8091 | D:8      | Killed Psyche
  8098 | D:8      | Found a staircase to the Lair.
  8106 | D:8      | HP: 4/80 [poisoned by Psyche]
  8106 | D:8      | Slain by a warg

Vault maps used:
D:1:      minmay_arrival_open_corners, corexii_hall_statues_deadend, st_stairs_8
D:2:      cheibrodos_helix_gallery, first_ration
D:4:      lemuel_upstairs_altar, gammafunk_temple_overflow_statue, uniq_grinder,
          uniq_pikel
D:5:      serial_shops, nicolae_shop_behind_doors, kb_xom_exploding_sheep
D:6:      temple_fountains, serial_shops, kennysheep_mini,
          kennysheep_generic_room_13
D:8:      erik_lair_orcish_takeover, uniq_psyche, uniq_joseph

Skill      XL: |  1  2  3  4  5  6  7  8  9 10 |
---------------+-------------------------------+-----
Armour         | 3 4 5 6 7 |  7.6
Dodging        | 3 4 5 6 7 |  7.6
Axes           | 2 3 4 |  4.5
Fighting       | 4 5 6 7 |  7.9
Maces & Flails | 4 6 7 |  7.2

Action                   |  1- 3 |  4- 6 |  7- 9 | 10-12 || total
-------------------------+-------+-------+-------+-------++-------
Melee: Hand axe          |    57 |    82 |    64 |       ||   203
       Mace              |     8 |       |   202 |   157 ||   367
 Fire: Hunting sling     |    19 |    43 |    46 |    19 ||   127
Invok: Berserk           |       |     2 |     3 |     2 ||     7
  Use: Scroll            |       |     1 |     9 |     4 ||    14
       Potion            |       |       |     2 |       ||     2
  Eat: Chunk             |     3 |     7 |    12 |     2 ||    24
       Ration            |       |       |     1 |       ||     1
Armor: Animal skin       |    13 |    24 |     2 |       ||    39
       Ring mail         |       |       |    90 |    67 ||   157
Dodge: Dodged            |    52 |    52 |   192 |   132 ||   428
Block: Other             |       |       |       |    37 ||    37
       Reflection        |       |       |       |     1 ||     1

Table legend:
 A = Spawn XP
 B = Non-spawn XP
 C = Spawn XP percentage of total XP
 D = Spawn monster count
 E = Non-spawn monster count
 F = Spawn count percentage of total count
 G = Total turns spent on level
                    A         B        C        D         E        F      G
               +---------+---------+-------+---------+---------+-------+---------
         Total |       0 |    6713 |   0.0 |       0 |     150 |   0.0 |  8106
               +---------+---------+-------+---------+---------+-------+---------
           D:1 |       0 |      51 |   0.0 |       0 |      24 |   0.0 |  1675
           D:2 |       0 |     179 |   0.0 |       0 |      20 |   0.0 |  1198
           D:3 |       0 |     262 |   0.0 |       0 |      24 |   0.0 |   855
           D:4 |       0 |    1936 |   0.0 |       0 |      24 |   0.0 |  1313
           D:5 |       0 |     285 |   0.0 |       0 |       6 |   0.0 |   602
           D:6 |       0 |     496 |   0.0 |       0 |      11 |   0.0 |   653
           D:7 |       0 |     850 |   0.0 |       0 |      17 |   0.0 |  1319
           D:8 |       0 |    2654 |   0.0 |       0 |      24 |   0.0 |   491
               +---------+---------+-------+---------+---------+-------+---------
